 Dungeon Crawl Stone Soup version 0.18.1-50-g88ac8fd (webtiles) character file.

362 KarmaPolice the Sneak (level 6, -1/28 HPs)
             Began as a Vine Stalker Enchanter on Sept 20, 2016.
             Slain by a hippogriff (5 damage)
             ... on level 7 of the Dungeon.
             The game lasted 00:11:34 (3369 turns).

KarmaPolice the Sneak (Vine Stalker Enchanter)      Turns: 3369, Time: 00:11:35

Health: -1/28      AC:  4    Str: 13    XL:     6   Next: 66%
Magic:  0/13       EV: 12    Int: 15    God:
Gold:   184        SH:  0    Dex: 17    Spells: 3 memorised, 7 levels left

rFire  . . .     SeeInvis .     a - +1 dagger
rCold  . . .     Gourm    .     b - +1 robe
rNeg   + . .     Faith    .     (no shield)
rPois  .         Spirit   +     (no helmet)
rElec  .         Dismiss  .     (no cloak)
rCorr  .         Reflect  .     (no gloves)
SustAt .         Harm     .     E - +0 pair of boots
MR     .....                    (no amulet)
Stlth  +++.......               B - ring of positive energy
                                k - +3 ring of strength

@: about to teleport, not resistant to hostile enchantments, fairly stealthy
A: fangs 2, regeneration 2, magic shield, antimagic bite, no device heal 3, rot
immunity
a: no special abilities


You were on level 7 of the Dungeon.
You were not hungry.

You visited 2 branches of the dungeon, and saw 6 of its levels.

You collected 184 gold pieces.

Inventory:

Hand Weapons
 a - a +1 dagger (weapon)
Armour
 b - a +1 robe (worn)
 E - a +0 pair of boots (worn)
Jewellery
 k - a +3 ring of strength (left hand)
 s - an uncursed ring of flight
 B - a ring of positive energy (right hand)
 G - an uncursed ring of sustain attributes {unknown}
Scrolls
 g - a scroll of enchant armour
 h - a scroll of identify
 j - 5 scrolls of fog
 q - a scroll of magic mapping
 u - 2 scrolls of fear
 w - a scroll of recharging
 x - a scroll of remove curse {unknown}
 y - a scroll of enchant weapon {unknown}
 A - a scroll of teleportation
 C - a scroll of blinking {unknown}
 D - a scroll of immolation {unknown}
 F - a scroll of noise {unknown}
Potions
 e - 3 potions of curing
 l - a potion of brilliance {unknown}
 m - 2 potions of berserk rage {unknown}
 n - 6 potions of heal wounds {unknown}
 p - 3 potions of haste {unknown}
 r - 2 potions of invisibility {unknown}
 t - 2 potions of cancellation {unknown}
 z - 2 potions of agility {unknown}
Books
 c - a book of Maledictions

   Spells                             Type                      Level
   a - Corona                         Hexes                        1
   b - Ensorcelled Hibernation        Hexes/Ice                    2
   c - Confuse                        Hexes                        3
   d - Tukima's Dance                 Hexes                        3
   e - Dazzling Spray                 Conjuration/Hexes            3
 v - a book of Fire

   Spells                             Type                      Level
   a - Ignite Poison                  Fire/Transmutation/Poison    3
   b - Fireball                       Conjuration/Fire             5
   c - Bolt of Fire                   Conjuration/Fire             6
   d - Delayed Fireball               Conjuration/Fire             7
   e - Ring of Flames                 Charms/Fire                  7
Comestibles
 d - 3 bread rations
 f - 2 slices of pizza
 o - 2 meat rations


   Skills:
 - Level 2.0 Short Blades
 - Level 1.5 Dodging
 + Level 5.3 Stealth
 + Level 4.0 Spellcasting
 + Level 4.3 Hexes
 + Level 2.4 Ice Magic


You had 7 spell levels left.
You knew the following spells:

 Your Spells              Type           Power        Failure   Level  Hunger
a - Corona                Hex            ###....      3%          1    None
b - Ensorcelled Hibernat  Hex/Ice        ##....       10%         2    ##.....
c - Confuse               Hex            ###.....     12%         3    ###....


Dungeon Overview and Level Annotations

Branches:
Dungeon (4/15)             Temple (1/1) D:4

Altars:
Cheibriados
Elyvilon
Gozag
Makhleb
Nemelex Xobeh
Okawaru
Pakellas
Trog
Yredelemnul
Zin
The Shining One

Shops:
D:3 }

Annotations:
D:4 schammes's ghost, novice GrFi
D:7 KarmaPolice's ghost, novice VSEn


Innate Abilities, Weirdness & Mutations

You have extremely sharp teeth.
You heal very quickly.
When hurt, damage is shared between your health and your magic reserves.
Your bite disrupts and absorbs the magic of your enemies.
Potions and wands cannot restore your health.
You are immune to rotting.


Message History

Casting: Confuse
Confirm with . or Enter, or press ? or * to list all spells.
Okay, then.
All of the chunks of flesh in your inventory have rotted away.
Casting: Confuse
Confirm with . or Enter, or press ? or * to list all spells.
Aiming: Ensorcelled Hibernation
Press: ? - help, Shift-Dir - straight line, f/p - hippogriff
Aim: a hippogriff (severely wounded, chance to defeat MR: 44%)
The hippogriff resists with some effort.
The hippogriff bites you. The hippogriff closely misses you.
The hippogriff claws you but does no damage.
The hippogriff bites you! The hippogriff closely misses you.
The hippogriff claws you.
Read which item? (? for menu, Esc to quit)
As you read the scroll of teleportation, it crumbles to dust.
You feel strangely unstable. The hippogriff bites you.
* * * LOW HITPOINT WARNING * * *
The hippogriff pecks you.
You die...

###.............
#...............
###...............
#........#####....
#....#...# #####
#....#...#
#....#...#
#....#...#
#@H..#...#
#....##### #....#
######


You could see a hippogriff.

Vanquished Creatures
  A phantom (D:4)
  A howler monkey (D:4)
  A centaur skeleton (D:7)
  An orc wizard (D:4)
  2 worker ants (D:4)
  A hound skeleton (D:4)
  4 adders
  An ooze (D:3)
  An adder skeleton (D:4)
  4 worms
  2 giant geckos
  6 orcs
  6 bats
  3 giant cockroaches (D:2)
  A hobgoblin (D:1)
  2 jackals (D:1)
  4 kobolds
  A quokka (D:4)
  2 ball pythons
  2 giant newts
  11 goblins
  5 rats
62 creatures vanquished.

Notes
Turn   | Place    | Note
--------------------------------------------------------------
     0 | D:1      | KarmaPolice the Vine Stalker Enchanter began the quest for the Orb.
     0 | D:1      | Reached XP level 1. HP: 9/9 MP: 4/4
    38 | D:1      | Reached skill level 1 in Short Blades
   188 | D:1      | Reached XP level 2. HP: 12/13 MP: 6/6
   196 | D:1      | Learned a level 2 spell: Ensorcelled Hibernation
   722 | D:2      | Reached XP level 3. HP: 16/16 MP: 7/7
   734 | D:2      | Learned a level 3 spell: Confuse
   824 | D:2      | Reached skill level 4 in Stealth
  1100 | D:2      | Reached XP level 4. HP: 16/21 MP: 9/9
  1418 | D:3      | Found a snail-covered altar of Cheibriados.
  1914 | D:3      | Found an oddly glowing altar of Pakellas.
  1914 | D:3      | Found Pakellas's Prime Provisions.
  1953 | D:3      | Reached skill level 1 in Ice Magic
  2105 | D:4      | Reached XP level 5. HP: 18/24 MP: 10/10
  2144 | D:4      | Noticed schammes's ghost (novice GrFi)
  2341 | D:4      | HP: 1/24 [schammes's ghost (8)]
  2568 | D:4      | Found a staircase to the Ecumenical Temple.
  2629 | Temple   | Entered the Ecumenical Temple
  2993 | D:4      | Found a sparkling altar of Nemelex Xobeh.
  3026 | D:4      | Noticed a phantom
  3042 | D:4      | Killed a phantom
  3042 | D:4      | Reached skill level 5 in Stealth
  3042 | D:4      | Gained mutation: You heal very quickly. [Vine Stalker growth]
  3042 | D:4      | Reached XP level 6. HP: 26/28 MP: 12/12
  3231 | D:4      | Found a glowing golden altar of the Shining One.
  3232 | D:4      | Found a glowing silver altar of Zin.
  3232 | D:4      | Found a white marble altar of Elyvilon.
  3295 | D:4      | You fall through a shaft for 3 floors!
  3324 | D:7      | Noticed KarmaPolice's ghost (novice VSEn)
  3331 | D:7      | Noticed a hippogriff
  3369 | D:7      | Slain by a hippogriff

Skill      XL: |  1  2  3  4  5  6 |
---------------+-------------------+-----
Short Blades   | 1 2 |  2.0
Stealth        | 4 5 |  5.3
Spellcasting   | 3 4 |  4.0
Ice Magic      | 1 2 |  2.4
Hexes          | 4 |  4.3
Dodging        | |  1.5

Action                   |  1- 3 |  4- 6 || total
-------------------------+-------+-------++-------
Melee: Dagger            |   103 |   140 ||   243
       Bite              |    20 |    36 ||    56
 Cast: Corona            |     3 |    14 ||    17
       Ensorcelled Hiber |     1 |     9 ||    10
       Confuse           |       |     5 ||     5
  Use: Scroll            |       |     8 ||     8
 Stab: Sleeping          |     8 |    14 ||    22
       Distracted        |       |     1 ||     1
       Confused          |       |     5 ||     5
  Eat: Chunk             |     1 |     7 ||     8
       Fruit             |       |     1 ||     1
Armor: Robe              |    21 |    20 ||    41
Dodge: Dodged            |    58 |    80 ||   138
